TOP OF THE 1ST |
Little Rock Lemmiwinks batting - Pitching for Manhatten Meatheads : LHP León Vargas
|
Pitching: LHP León Vargas
|
|
Batting: LHB Cisco Salazar
|
0-0: Foul Ball, location: 2F 0-1: Foul Ball, location: 2F 0-2: Strikes out looking
|
Batting: RHB Germán Vargas
|
0-0: Called Strike 0-1: Foul Ball, location: 2F 0-2: Ball 1-2: Foul Ball, location: 2F 1-2: SINGLE (Groundball, 4D)
|
Batting: RHB Eduardo Rojas
|
0-0: Ball 1-0: Ball 2-0: Ball 3-0: Called Strike 3-1: Foul Ball, location: 2F 3-2: Strikes out swinging
|
Batting: RHB Kokaji Ridha
|
0-0: Called Strike 0-1: Ball 1-1: Foul Ball, location: 2F 1-2: Fly out, F7 (Flyball, 7D)
|
Top of the 1st over - 0 runs, 1 hit, 0 errors, 1 left on base; Little Rock 0 - Manhatten 0 |
BOTTOM OF THE 1ST |
Manhatten Meatheads batting - Pitching for Little Rock Lemmiwinks : LHP Alfonso Viera
|
Pitching: LHP Alfonso Viera
|
|
Batting: LHB Wayne Rogers
|
0-0: SINGLE (Line Drive, 7S)
|
Batting: SHB Manuel Díaz
|
0-0: Called Strike 0-1: Ball 1-1: Ball 2-1: Foul Ball, location: 2F 2-2: Strikes out swinging
|
Batting: RHB César Castillo
|
0-0: Fly out, F7 (Flyball, 7LD)
|
Batting: RHB León Reynoso
|
0-0: Called Strike Wayne Rogers steals 2nd base 0-1: Called Strike 0-2: Ball 1-2: Ball 2-2: Foul Ball, location: 2F 2-2: SINGLE (Line Drive, 3) Wayne Rogers to third Runner from 3rd tries for Home, SAFE, no throw
|
Batting: RHB Manny Velásquez
|
0-0: SINGLE (Line Drive, 5D) León Reynoso to second
|
Pitching: RHP Shawn Moore
|
|
Batting: RHB Ricardo Medina
|
0-0: Called Strike 0-1: Ball 1-1: Ball 2-1: Called Strike 2-2: Ball 3-2: Strikes out swinging
|
Bottom of the 1st over - 1 run, 3 hits, 0 errors, 2 left on base; Little Rock 0 - Manhatten 1 |
TOP OF THE 2ND |
Little Rock Lemmiwinks batting - Pitching for Manhatten Meatheads : LHP León Vargas
|
Batting: RHB Roberto Valdéz
|
0-0: Foul Ball, location: 2F 0-1: Called Strike 0-2: Ball 1-2: Ball 2-2: Ball 3-2: Foul Ball, location: 2F 3-2: SINGLE (Groundball, 6MD)
|
Batting: RHB José Rodríguez
|
0-0: Called Strike 0-1: Ball 1-1: Ball 2-1: Ball 3-1: Foul Ball, location: 2F 3-2: Base on Balls Roberto Valdéz to second
|
Batting: RHB Artie Mills
|
0-0: Ball 1-0: Ball 2-0: Called Strike 2-1: Called Strike 2-2: Strikes out swinging
|
Batting: RHB Jack Crossey
|
0-0: SINGLE (Groundball, 56D) Roberto Valdéz to third José Rodríguez to second
|
Batting: LHB Ryan Martin
|
0-0: Called Strike 0-1: Ball 1-1: Ball 2-1: Foul Ball, location: 2F 2-2: Fly out, F8 (Flyball, 8RM)
|
Batting: LHB Cisco Salazar
|
0-0: Fly out, F6 (Line Drive, 6M)
|
Top of the 2nd over - 0 runs, 2 hits, 0 errors, 3 left on base; Little Rock 0 - Manhatten 1 |
BOTTOM OF THE 2ND |
Manhatten Meatheads batting - Pitching for Little Rock Lemmiwinks : RHP Shawn Moore
|
Batting: LHB Miguel Pérez
|
0-0: Ball 1-0: Ground out U3 (Groundball, 34S)
|
Batting: RHB Juan Blanco
|
0-0: Ball 1-0: Called Strike 1-1: Foul Ball, location: 2F 1-2: Strikes out swinging
|
Batting: RHB Ralph Fitzgerald
|
0-0: Ball 1-0: Called Strike 1-1: Called Strike 1-2: Ball 2-2: Ball 3-2: Foul Ball, location: 2F 3-2: Strikes out swinging
|
Bottom of the 2nd over - 0 runs, 0 hits, 0 errors, 0 left on base; Little Rock 0 - Manhatten 1 |
TOP OF THE 3RD |
Little Rock Lemmiwinks batting - Pitching for Manhatten Meatheads : LHP León Vargas
|
Batting: RHB Germán Vargas
|
0-0: Called Strike 0-1: Ground out 6-3 (Groundball, 6M)
|
Batting: RHB Eduardo Rojas
|
0-0: Swinging Strike 0-1: Fly out, F7 (Line Drive, 78M)
|
Batting: RHB Kokaji Ridha
|
0-0: Called Strike 0-1: Ball 1-1: Foul Ball, location: 2F 1-2: Foul Ball, location: 2F 1-2: Foul Ball, location: 2F 1-2: SINGLE (Line Drive, 9S)
|
Batting: RHB Roberto Valdéz
|
0-0: Ball 1-0: Called Strike 1-1: Called Strike Throwing error on steal attempt, E2 Kokaji Ridha to third 1-2: Ball 2-2: Foul Ball, location: 2F 2-2: Ground out 1-3 (Groundball, 15S)
|
Top of the 3rd over - 0 runs, 1 hit, 1 error, 1 left on base; Little Rock 0 - Manhatten 1 |
BOTTOM OF THE 3RD |
Manhatten Meatheads batting - Pitching for Little Rock Lemmiwinks : RHP Shawn Moore
|
Batting: LHB Wayne Rogers
|
0-0: Called Strike 0-1: Ball 1-1: SINGLE (Groundball, 4MD)
|
Batting: SHB Manuel Díaz
|
0-0: Ball 1-0: Fly out, F7 (Flyball, 7S)
|
Batting: RHB César Castillo
|
0-0: Ball 1-0: Foul Ball, location: 2F 1-1: SINGLE (Line Drive, 78S) Wayne Rogers to second
|
Batting: RHB León Reynoso
|
0-0: Ball 1-0: Ball 2-0: Called Strike 2-1: Foul Ball, location: 2F 2-2: Foul Ball, location: 2F 2-2: 3-RUN HOME RUN (Flyball, 78XD), Distance : 400 ft
|
Batting: RHB Manny Velásquez
|
0-0: Ball 1-0: Fly out, F8 (Flyball, 89D)
|
Batting: RHB Ricardo Medina
|
0-0: Swinging Strike 0-1: Ball 1-1: Ball 2-1: Ball 3-1: Called Strike 3-2: Foul Ball, location: 2F 3-2: Foul Ball, location: 2F 3-2: Strikes out looking
|
Bottom of the 3rd over - 3 runs, 3 hits, 0 errors, 0 left on base; Little Rock 0 - Manhatten 4 |
TOP OF THE 4TH |
Little Rock Lemmiwinks batting - Pitching for Manhatten Meatheads : LHP León Vargas
|
Batting: RHB José Rodríguez
|
0-0: Called Strike 0-1: Ball 1-1: Called Strike 1-2: Ball 2-2: Ball 3-2: Base on Balls
|
Batting: RHB Artie Mills
|
0-0: Ball José Rodríguez steals 2nd base 1-0: Swinging Strike 1-1: Swinging Strike 1-2: Ball 2-2: Strikes out swinging
|
Batting: RHB Jack Crossey
|
0-0: Called Strike 0-1: Ball José Rodríguez is caught stealing 3rd base 1-1: Ball 2-1: Ball 3-1: Foul Ball, location: 2F 3-2: Foul Ball, location: 2F 3-2: Ground out 6-3 (Groundball, 56)
|
Top of the 4th over - 0 runs, 0 hits, 0 errors, 0 left on base; Little Rock 0 - Manhatten 4 |
BOTTOM OF THE 4TH |
Manhatten Meatheads batting - Pitching for Little Rock Lemmiwinks : RHP Shawn Moore
|
Batting: LHB Miguel Pérez
|
0-0: Ball 1-0: Ball 2-0: Swinging Strike 2-1: Foul Ball, location: 2F 2-2: Strikes out swinging
|
Batting: RHB Juan Blanco
|
0-0: Ball 1-0: Swinging Strike 1-1: Swinging Strike 1-2: Strikes out looking
|
Batting: RHB Ralph Fitzgerald
|
0-0: Ball 1-0: Ball 2-0: Called Strike 2-1: Swinging Strike 2-2: Strikes out swinging
|
Bottom of the 4th over - 0 runs, 0 hits, 0 errors, 0 left on base; Little Rock 0 - Manhatten 4 |
TOP OF THE 5TH |
Little Rock Lemmiwinks batting - Pitching for Manhatten Meatheads : LHP León Vargas
|
Batting: LHB Ryan Martin
|
0-0: Ball 1-0: Ball 2-0: Called Strike 2-1: Ground out 4-3 (Groundball, 4)
|
Batting: LHB Cisco Salazar
|
0-0: Ball 1-0: Foul Ball, location: 2F 1-1: Swinging Strike 1-2: Ball 2-2: Ball 3-2: Strikes out swinging
|
Batting: RHB Germán Vargas
|
0-0: Called Strike 0-1: Ball 1-1: Foul Ball, location: 2F 1-2: Ground out 5-3 (Groundball, 56S)
|
Top of the 5th over - 0 runs, 0 hits, 0 errors, 0 left on base; Little Rock 0 - Manhatten 4 |
BOTTOM OF THE 5TH |
Manhatten Meatheads batting - Pitching for Little Rock Lemmiwinks : RHP Shawn Moore
|
Pitching: LHP Rick Davis
|
|
Batting: LHB Wayne Rogers
|
0-0: Called Strike 0-1: Foul Ball, location: 2F 0-2: Ball 1-2: Strikes out swinging
|
Batting: SHB Manuel Díaz
|
0-0: Ball 1-0: Foul Ball, location: 2F 1-1: Foul Ball, location: 2F 1-2: Strikes out swinging
|
Batting: RHB César Castillo
|
0-0: Called Strike 0-1: Foul Ball, location: 2F 0-2: Ball 1-2: Ball 2-2: SINGLE (Line Drive, 4MD)
|
Batting: RHB León Reynoso
|
0-0: Ground out 6-3 (Groundball, 6MS)
|
Bottom of the 5th over - 0 runs, 1 hit, 0 errors, 1 left on base; Little Rock 0 - Manhatten 4 |
TOP OF THE 6TH |
Little Rock Lemmiwinks batting - Pitching for Manhatten Meatheads : LHP León Vargas
|
Batting: RHB Eduardo Rojas
|
0-0: Ball 1-0: Fly out, F7 (Flyball, 7)
|
Batting: RHB Kokaji Ridha
|
0-0: Ball 1-0: Called Strike 1-1: Foul Ball, location: 2F 1-2: Foul Ball, location: 2F 1-2: Ball 2-2: Ball 3-2: Foul Ball, location: 2F 3-2: Strikes out swinging
|
Batting: RHB Roberto Valdéz
|
0-0: Called Strike 0-1: SINGLE (Groundball, 56D)
|
Batting: RHB José Rodríguez
|
0-0: Called Strike 0-1: Ball 1-1: Called Strike 1-2: Strikes out looking
|
Top of the 6th over - 0 runs, 1 hit, 0 errors, 1 left on base; Little Rock 0 - Manhatten 4 |
BOTTOM OF THE 6TH |
Manhatten Meatheads batting - Pitching for Little Rock Lemmiwinks : LHP Rick Davis
|
Batting: RHB Manny Velásquez
|
0-0: Ball 1-0: Ball 2-0: SINGLE (Groundball, 6MD)
|
Batting: RHB Ricardo Medina
|
0-0: Foul Ball, location: 2F 0-1: Called Strike 0-2: Ball 1-2: Strikes out swinging
|
Batting: LHB Miguel Pérez
|
0-0: Called Strike 0-1: Called Strike 0-2: Strikes out swinging
|
Batting: RHB Juan Blanco
|
0-0: Called Strike 0-1: Swinging Strike 0-2: Foul Ball, location: 2F 0-2: Ball 1-2: Foul Ball, location: 2F 1-2: Strikes out swinging
|
Bottom of the 6th over - 0 runs, 1 hit, 0 errors, 1 left on base; Little Rock 0 - Manhatten 4 |
TOP OF THE 7TH |
Little Rock Lemmiwinks batting - Pitching for Manhatten Meatheads : LHP León Vargas
|
Batting: RHB Artie Mills
|
0-0: Called Strike 0-1: Ball 1-1: Ball 2-1: Foul Ball, location: 2F 2-2: Strikes out swinging
|
Batting: RHB Jack Crossey
|
0-0: Ball 1-0: Called Strike 1-1: Called Strike 1-2: Ball 2-2: Ball 3-2: SINGLE (Line Drive, 89M)
|
Pitching: RHP Luis González
|
|
Batting: LHB Ryan Martin
|
0-0: Ball 1-0: Ball 2-0: Called Strike 2-1: Ball 3-1: Fly out, F8 (Flyball, 8RS)
|
Batting: LHB Cisco Salazar
|
0-0: Called Strike 0-1: Foul Ball, location: 2F 0-2: Ball 1-2: Ball 2-2: Foul Ball, location: 2F 2-2: Ball 3-2: Foul Ball, location: 2F 3-2: Fly out, F8 (Flyball, 78S)
|
Top of the 7th over - 0 runs, 1 hit, 0 errors, 1 left on base; Little Rock 0 - Manhatten 4 |
BOTTOM OF THE 7TH |
Manhatten Meatheads batting - Pitching for Little Rock Lemmiwinks : LHP Rick Davis
|
Batting: RHB Ralph Fitzgerald
|
0-0: SINGLE (Flyball, 78M)
|
Batting: LHB Wayne Rogers
|
0-0: Foul Ball, location: 2F 0-1: Ball 1-1: Ball 2-1: Called Strike 2-2: Ball 3-2: Strikes out swinging
|
Batting: SHB Manuel Díaz
|
0-0: DOUBLE (Groundball, 5L) Ralph Fitzgerald to third
|
Batting: RHB César Castillo
|
0-0: Swinging Strike 0-1: Ball 1-1: Ball 2-1: Called Strike 2-2: Foul Ball, location: 2F 2-2: Ball 3-2: Strikes out swinging
|
Batting: RHB León Reynoso
|
0-0: Ball 1-0: Ball 2-0: SINGLE (Groundball, 6MD) Ralph Fitzgerald scores Manuel Díaz to third Runner from 3rd tries for Home, SAFE, no throw
|
Batting: RHB Manny Velásquez
|
0-0: Called Strike 0-1: SINGLE (Groundball, 6MD) León Reynoso to second Runner from 2nd tries for 3rd, SAFE, no throw
|
Batting: RHB Ricardo Medina
|
0-0: Called Strike 0-1: Ball 1-1: Foul Ball, location: 2F 1-2: Ball 2-2: Foul Ball, location: 2F 2-2: Ground out 4-3 (Groundball, 4S)
|
Bottom of the 7th over - 2 runs, 4 hits, 0 errors, 2 left on base; Little Rock 0 - Manhatten 6 |
TOP OF THE 8TH |
Little Rock Lemmiwinks batting - Pitching for Manhatten Meatheads : RHP Luis González
|
Batting: RHB Germán Vargas
|
0-0: Ball 1-0: Ground out U3 (Groundball, 34)
|
Batting: RHB Eduardo Rojas
|
0-0: Called Strike 0-1: Ball 1-1: Swinging Strike 1-2: Foul Ball, location: 2F 1-2: Strikes out swinging
|
Batting: RHB Kokaji Ridha
|
0-0: SOLO HOME RUN (Flyball, 78XD), Distance : 401 ft
|
Batting: RHB Roberto Valdéz
|
0-0: Ball 1-0: Swinging Strike 1-1: Called Strike 1-2: Strikes out swinging
|
Top of the 8th over - 1 run, 1 hit, 0 errors, 0 left on base; Little Rock 1 - Manhatten 6 |
BOTTOM OF THE 8TH |
Manhatten Meatheads batting - Pitching for Little Rock Lemmiwinks : LHP Rick Davis
|
Pitching: RHP António Gamboa
|
|
Batting: LHB Miguel Pérez
|
0-0: Ball 1-0: DOUBLE (Line Drive, 89XD)
|
Batting: RHB Juan Blanco
|
0-0: Ball 1-0: Called Strike 1-1: Ball 2-1: Ball 3-1: Ground out 5-3 (Groundball, 5S) Miguel Pérez to third
|
Batting: RHB Ralph Fitzgerald
|
0-0: Ball 1-0: Called Strike 1-1: Ball 2-1: Ball 3-1: Swinging Strike 3-2: Strikes out looking
|
Batting: LHB Wayne Rogers
|
0-0: Ground out 1-3 (Groundball, 13)
|
Bottom of the 8th over - 0 runs, 1 hit, 0 errors, 1 left on base; Little Rock 1 - Manhatten 6 |
TOP OF THE 9TH |
Little Rock Lemmiwinks batting - Pitching for Manhatten Meatheads : RHP Luis González
|
Batting: RHB José Rodríguez
|
0-0: Ball 1-0: Foul Ball, location: 2F 1-1: Ball 2-1: Foul Ball, location: 2F 2-2: Foul Ball, location: 2F 2-2: Strikes out swinging
|
Batting: RHB Artie Mills
|
0-0: Ball 1-0: Swinging Strike 1-1: Swinging Strike 1-2: Ball 2-2: Strikes out swinging
|
Batting: RHB Jack Crossey
|
0-0: Called Strike 0-1: Ball 1-1: Ground out 4-3 (Groundball, 4)
|
Top of the 9th over - 0 runs, 0 hits, 0 errors, 0 left on base; Little Rock 1 - Manhatten 6 |
|